 Crawl Stoat Soup version 0.23-ish-327-79-gcf5fd2a (webtiles) character file.

66 grayhorse1960 the Digger (level 4, -1/24 HPs)
             Began as a Gargoyle Earth Elementalist on Apr 20, 2024.
             Slain by a goblin
             ... wielding a +0 club
              (2 damage)
             ... on level 3 of the Dungeon.
             The game lasted 00:07:20 (2703 turns).

grayhorse1960 the Digger (GrEE)                     Turns: 2703, Time: 00:07:20

Health: -1/24      AC:  5    Str: 12    XL:     4   Next: 15%
Magic:  8/8        EV: 11    Int: 16    God:
Gold:   97         SH:  0    Dex: 10    Spells: 2/8 levels left

rFire    . . .     SeeInvis .   b - +0 short sword
rCold    . . .     Gourm    .   (no shield)
rNeg     + . .     Faith    .   c - +0 robe
rPois    ∞         Spirit   .   (no helmet)
rElec    +         Warding  .   (no cloak)
rCorr    .         Reflect  .   (no gloves)
MR       .....     Harm     .   (no boots)
Stlth    ++........             (no amulet)
HPRegen  0.08/turn              (no ring)
MPRegen  0.11/turn              (no ring)

@: no status effects
A: negative energy resistance 1, electricity resistance, unbreathing,
petrification resistance, rot immunity, AC +3
a: no special abilities


You were on level 3 of the Dungeon.
You were not hungry.

You visited 1 branch of the dungeon, and saw 3 of its levels.

You collected 97 gold pieces.

Inventory:

Hand Weapons
 a - a +0 dagger
 b - a +0 short sword (weapon)
 j - a +0 hunting sling
 u - a +0 morningstar
Missiles
 e - 36 stones
 l - 31 sling bullets
 n - 7 poisoned darts (quivered)
Armour
 c - a +0 robe (worn)
 q - a +0 pair of gloves
Jewellery
 f - an uncursed amulet of the acrobat {unknown}
 g - an uncursed ring of protection from magic {unknown}
 v - an uncursed ring of ice {unknown}
Scrolls
 i - 2 scrolls of remove curse {unknown}
 k - a scroll of enchant armour {unknown}
 o - 3 scrolls of teleportation {unknown}
 p - 2 scrolls of amnesia {unknown}
 r - 4 scrolls of identify {unknown}
Potions
 h - 3 potions of curing {unknown}
 m - a potion of haste {unknown}
 s - a potion of lignification {unknown}
 t - a potion of agility {unknown}
 w - a potion of magic {unknown}
Comestibles
 d - 2 bread rations


   Skills:
 - Level 1.5 Dodging
 + Level 3.2 Stealth
 + Level 2.8 Spellcasting
 + Level 1.1 Transmutations
 + Level 4.4 Earth Magic


You had 2 spell levels left.
You knew the following spells:

 Your Spells              Type           Power        Failure   Level  Hunger
a - Sandblast             Erth           16/50        3%          1    #......
b - Passwall              Tmut/Erth      11/120       10%         2    ##.....
c - Stone Arrow           Conj/Erth      9/50         24%         3    ###....

Your spell library contained the following spells:

 Spells                   Type           Power        Failure   Level  Hunger
 Petrify                  Tmut/Erth      11/100       52%         4    #####..
 Lee's Rapid Deconstruct  Erth           16/200       65%         5    ######.


Dungeon Overview and Level Annotations

Branches:
Dungeon (3/15)

Altars:


Innate Abilities, Weirdness & Mutations

You are resistant to torment.
Your stone body is resilient. (AC +3)
You are immune to poison.
You resist negative energy. (rN+)
You are resistant to electric shocks. (rElec)
You can survive without breathing.
You are immune to petrification.
You are immune to rotting.


Message History

The weasel bites you but does no damage.
You hit the weasel but do no damage.
The weasel is almost dead.
The weasel bites you. The hobgoblin hits you with a club.
The goblin closely misses you. The weasel bites you.
You barely miss the weasel.
The weasel is severely wounded.
The hobgoblin hits you with a club. The goblin hits you with a club.
The weasel barely misses you.
You hit the weasel.
You kill the weasel!
The hobgoblin barely misses you. The goblin hits you but does no damage.
The adder closely misses you.
You miss the adder. The hobgoblin hits you with a club.
* * * LOW HITPOINT WARNING * * *
The goblin hits you with a club.
* * * LOW HITPOINT WARNING * * *
The adder barely misses you. The goblin hits you with a club.
You die...

##..#
#.)#
##.#
##..#
##..##
##..##
##..##
##...#
#...@#
#..#gS#
#..##.g#
#.. #..#
#.# #..#
.. ....
#..
....##
#. ..!..
....##


You could see an adder, a hobgoblin and a goblin.

Vanquished Creatures
  An adder (D:3)
  An ooze (D:2)
  A worm (D:2)
  A dart slug (D:2)
  A leopard gecko (D:1)
  3 giant cockroaches (D:1)
  10 goblins
  6 hobgoblins
  4 jackals (D:2)
  4 kobolds
  A weasel (D:3)
  A bat (D:2)
  3 frilled lizards (D:2)
  5 rats
42 creatures vanquished.

Notes
Turn   | Place    | Note
-------+----------+-------------------------------------------
     0 | D:1      | grayhorse1960 the Gargoyle Earth Elementalist began the
                  | quest for the Orb.
     0 | D:1      | Reached XP level 1. HP: 10/10 MP: 3/3
   583 | D:1      | Reached XP level 2. HP: 11/15 MP: 5/5
   996 | D:2      | Reached skill level 4 in Earth Magic
  1132 | D:2      | Reached XP level 3. HP: 8/19 MP: 6/6
  1510 | D:2      | Learned a level 2 spell: Passwall
  1514 | D:2      | Learned a level 3 spell: Stone Arrow
  2368 | D:2      | Reached skill level 1 in Transmutations
  2607 | D:3      | Reached XP level 4. HP: 20/24 MP: 8/8
  2702 | D:3      | HP: 1/24 [goblin/club (4)]
  2703 | D:3      | Slain by a goblin

Vault maps used:
D:1:      dpeg_arrival_erosion
D:2:      kennysheep_generic_room_3, uniq_robin
D:3:      minmay_inner_zag, uniq_crazy_yiuf_cottage

Skill      XL: |  1  2  3 |
---------------+----------+-----
Earth Magic    | 4 |  4.4
Stealth        | 3 |  3.2
Transmutations | 1 |  1.1
Dodging        | |  1.5
Spellcasting   | |  2.8

Action                   |  1- 3 |  4- 6 || total
-------------------------+-------+-------++-------
Melee: Short sword       |    88 |     7 ||    95
       Dagger            |    84 |       ||    84
Throw: Dart              |     5 |       ||     5
 Cast: Sandblast         |     8 |       ||     8
       Stone Arrow       |     2 |       ||     2
 Stab: Sleeping          |     1 |       ||     1
  Eat: Chunk             |     6 |       ||     6
Armor: Robe              |    59 |     2 ||    61
Dodge: Dodged            |    98 |     7 ||   105

Table legend:
 A = Spawn XP
 B = Non-spawn XP
 C = Spawn XP percentage of total XP
 D = Spawn monster count
 E = Non-spawn monster count
 F = Spawn count percentage of total count
 G = Total turns spent on level
                    A         B        C        D         E        F      G
               +---------+---------+-------+---------+---------+-------+---------
         Total |      16 |      79 |  16.8 |       8 |      34 |  19.0 |  2703
               +---------+---------+-------+---------+---------+-------+---------
           D:1 |      10 |      11 |  47.6 |       6 |       6 |  50.0 |  1271
           D:2 |       6 |      52 |  10.3 |       2 |      26 |   7.1 |  1286
           D:3 |       0 |      16 |   0.0 |       0 |       2 |   0.0 |   146
               +---------+---------+-------+---------+---------+-------+---------
